 Dungeon Crawl Stone Soup version 0.26-a0-1129-gc5df7fbe6a (webtiles) character file.

Game seed: 6779278362464137325

752857 dolemite99 the Slayer (level 27, -7/288 HPs)
             Began as a Minotaur Fighter on Dec 18, 2020.
             Was the Champion of Ashenzari.
             Mangled by an Orb Guardian (20 damage)
             ... on level 5 of the Realm of Zot on Dec 19, 2020.
             The game lasted 03:42:54 (115796 turns).

dolemite99 the Slayer (Minotaur Fighter)          Turns: 115796, Time: 03:42:55

Health: -7/288     AC: 50    Str: 30    XL:     27
Magic:  0/46       EV: 18    Int: 10    God:    Ashenzari [******]
Gold:   2686       SH: 23    Dex: 19    Spells: 6/49 levels left

rFire    + + +     SeeInvis +   T - +8 broad axe "Vocin" {freeze, rElec rN++ Str+3}
rCold    + + .     Faith    .   l - +0 kite shield "Wygi" {rPois rCorr Dex+6 Stlth-} (curse)
rNeg     + + +     Spirit   +   P - +8 gold dragon scales (curse)
rPois    +         Reflect  +   K - +2 hat of the Bear Spirit {Spirit, +Rage rN+ Will++}
rElec    +         Harm     .   H - +2 cloak {Will+} (curse)
rCorr    +         Rampage  .   x - +3 pair of gauntlets of War {Slay+5} (curse)
Will     +++++     Clarity  +   o - +0 pair of boots of Tamp {Dex+4} (curse)
Stlth    ..........             O - amulet of Plog {Reflect +Inv Will+ Dex-5 SH+5} (curse)
HPRegen  0.58/turn              Q - ring of the Well-Known Tales {Wiz rF+ Stlth+}
MPRegen  0.30/turn              k - ring "Sexeekh" {rN++ MP+9 Dex+2}

@: mighty, about to teleport, resistant, very slightly contaminated
A: retaliatory headbutt, beak, horns 2, slimy green scales 1, thin metallic
scales 1, blurry vision 2, robust 1
}: 4/15 runes: decaying, serpentine, slimy, silver
a: Renounce Religion, Evoke Berserk Rage, Evoke Invisibility, Curse Item,
Scrying, Transfer Knowledge


You were on level 5 of the Realm of Zot.
You worshipped Ashenzari.
Ashenzari was exalted by your worship.
You visited 13 branches of the dungeon, and saw 59 of its levels.
You visited the Abyss 3 times.
You visited 1 ziggurat, and saw 9 of its levels.
You also visited: Sewer, Ice Cave and Wizlab.

You collected 13447 gold pieces.
You spent 10761 gold pieces at shops.

Inventory:

Hand Weapons
 b - a +9 eveningstar of freezing
 T - the +8 broad axe "Vocin" (weapon) {freeze, rElec rN++ Str+3}
   (You found it on level 5 of a ziggurat)

   It has been specially enchanted to freeze those struck by it, causing extra
   injury to most foes and up to half again as much damage against particularly
   susceptible opponents.
   It can also slow down cold-blooded creatures.
   It affects your strength (+3).
   It insulates you from electricity.
   It greatly protects you from negative energy.
Missiles
 p - 2 javelins
 M - 10 silver javelins (quivered)
Armour
 l - the cursed +0 kite shield "Wygi" (worn) {rPois rCorr Dex+6 Stlth-}
   (You found it on level 4 of the Vaults)

   It affects your dexterity (+6).
   It protects you from poison.
   It provides partial protection from all sources of acid and corrosion.
   It makes you less stealthy.
   It has a curse placed upon it.
 o - the cursed +0 pair of boots of Tamp (worn) {Dex+4}
   (You acquired it on level 13 of the Dungeon)

   It affects your dexterity (+4).
   It has a curse placed upon it.
 x - the cursed +3 pair of gauntlets of War (worn) {Slay+5}
   (You acquired it on level 2 of the Depths)

   It affects your accuracy and damage with ranged weapons and melee attacks
   (+5).
   It has a curse placed upon it.
 H - a cursed +2 cloak of willpower (worn)
 K - the +2 hat of the Bear Spirit (worn) {Spirit, +Rage rN+ Will++}
   (You bought it in a shop on level 5 of the Depths)

   It protects you from negative energy.
   It affects your willpower, your defense against some magical effects.
   It lets you go berserk.
 P - cursed +8 gold dragon scales (worn)
Magical Staves
 a - an uncursed staff of air
Jewellery
 c - the ring "Donanavi" {+Inv rPois MP+9 Dex+3}
   (You found it on level 14 of the Dungeon)

   [ring of magical power]

   It affects your dexterity (+3).
   It protects you from poison.
   It affects your magic capacity (+9).
   It lets you turn invisible.
 k - the ring "Sexeekh" (right hand) {rN++ MP+9 Dex+2}
   (You found it on level 5 of the Pits of Slime)

   [ring of magical power]

   It affects your dexterity (+2).
   It greatly protects you from negative energy.
   It affects your magic capacity (+9).
 n - an uncursed ring of protection from fire
 w - the ring "Jytziuc" {rC+ Dex+4 Stlth+}
   (You took it off a deep elf mage on level 3 of the Elven Halls)

   [ring of stealth]

   It affects your dexterity (+4).
   It protects you from cold.
   It makes you more stealthy.
 B - the ring of Kaecebb {rPois rC+ Slay+3}
   (You took it off a deep elf demonologist on level 5 of the Vaults)

   [ring of protection from cold]

   It affects your accuracy and damage with ranged weapons and melee attacks
   (+3).
   It protects you from cold.
   It protects you from poison.
 O - the cursed amulet of Plog (around neck) {Reflect +Inv Will+ Dex-5 SH+5}
   (You bought it in a shop on level 4 of the Snake Pit)

   [amulet of reflection]

   It shields you and reflects attacks.
   It affects your dexterity (-5).
   It affects your willpower, your defense against some magical effects.
   It lets you turn invisible.
   It affects your SH (+5).
   It has a curse placed upon it.
 Q - the ring of the Well-Known Tales (left hand) {Wiz rF+ Stlth+}
   (You acquired it on level 2 of the Depths)

   [ring of wizardry]

   It improves your spell success rate.
   It protects you from fire.
   It makes you more stealthy.
Wands
 e - a wand of polymorph (60)
 j - a wand of iceblast (28)
 s - a wand of digging (29)
Scrolls
 g - 7 scrolls of remove curse {@r2}
 h - 12 scrolls of magic mapping
 u - 20 scrolls of teleportation
 D - 7 scrolls of fear
 J - a scroll of blinking
 L - 37 scrolls of identify {@r1}
 U - 8 scrolls of immolation
 Y - 4 scrolls of silence
 Z - a scroll of holy word
Potions
 d - a potion of might
 i - 15 potions of curing
 m - 7 potions of mutation
 q - 8 potions of resistance
 t - 2 potions of cancellation
 v - 13 potions of brilliance
 y - 7 potions of attraction
 C - 5 potions of berserk rage
 E - 5 potions of magic
 F - 5 potions of flight
 N - 2 potions of invisibility
Miscellaneous
 r - a tin of tremorstones (inert)
 A - a phantom mirror (inert)
 G - a box of beasts (inert)
 I - a phial of floods (inert)
 R - a condenser vane (inert)
 V - the horn of Geryon (inert)
 W - a lightning rod (4/4)


   Skills:
 + Level 24.3 Fighting
 - Level 16.3(17.9) Axes
 - Level 13.0(16.2) Maces & Flails
 - Level 10.4 Throwing
 + Level 20.5(24.0) Armour
 - Level 15.6 Dodging
 - Level 18.2(20.6) Shields
 - Level 11.8 Spellcasting
 - Level 7.7 Conjurations
 + Level 9.4 Hexes
 - Level 5.7 Summonings
 - Level 12.7 Necromancy
 - Level 6.0 Translocations
 - Level 6.6 Transmutations
 - Level 8.3 Air Magic
 - Level 11.0 Earth Magic
 - Level 6.4 Poison Magic
 - Level 16.6 Evocations


You had 6 spell levels left.
You knew the following spells:

 Your Spells              Type           Power        Failure   Level
a - Mephitic Cloud        Conj/Pois/Air  20%          4%          3
b - Borgnjor's Vile Clut  Necr/Erth      14%          6%          5
c - Animate Dead          Necr           15%          1%          4
d - Blink                 Tloc           N/A          4%          2
e - Passwall              Tmut/Erth      19%          1%          2
f - Apportation           Tloc           36%          2%          1
g - Poisonous Vapours     Pois/Air       40%          2%          2
h - Death Channel         Necr           15%          26%         6
i - Summon Lightning Spi  Summ/Air       19%          17%         4
j - Portal Projectile     Hex/Tloc       42%          4%          3
k - Wereblood             Tmut           19%          3%          2
l - Corpse Rot            Necr/Air       N/A          1%          2
m - Call Imp              Summ           17%          4%          2
n - Dazzling Flash        Conj/Hex       46%          2%          3
o - Swiftness             Air            22%          1%          2

Your spell library contained the following spells:

 Spells                   Type           Power        Failure   Level
 Animate Skeleton         Necr           62%          1%          1
 Beastly Appendage        Tmut           38%          1%          1
 Corona                   Hex            26%          1%          1
 Magic Dart               Conj           84%          1%          1
 Pain                     Necr           100%         1%          1
 Sandblast                Erth           56%          1%          1
 Shock                    Conj/Air       84%          1%          1
 Searing Ray              Conj           42%          1%          2
 Slow                     Hex            24%          1%          2
 Sublimation of Blood     Necr           15%          1%          2
 Confusing Touch          Hex            24%          1%          3
 Stone Arrow              Conj/Erth      48%          1%          3
 Tukima's Dance           Hex            24%          1%          3
 Dispel Undead            Necr           31%          1%          4
 Sting                    Tmut/Pois      72%          2%          1
 Summon Small Mammal      Summ           68%          3%          1
 Static Discharge         Conj/Air       21%          3%          3
 Summon Guardian Golem    Hex/Summ       21%          4%          3
 Leda's Liquefaction      Hex/Erth       13%          4%          4
 Agony                    Necr           31%          4%          5
 Foxfire                  Conj/Fire      52%          6%          1
 Spider Form              Tmut/Pois      9%           6%          3
 Cause Fear               Hex            12%          6%          4
 Ensorcelled Hibernation  Hex/Ice        30%          7%          2
 Gell's Gravitas          Tloc           9%           8%          3
 Call Canine Familiar     Summ           17%          9%          3
 Fulminant Prism          Conj/Hex       11%          9%          4
 Petrify                  Tmut/Erth      23%          9%          4
 Lee's Rapid Deconstruct  Erth           14%          9%          5
 Airstrike                Air            11%          11%         4
 Inner Flame              Hex/Fire       15%          13%         3
 Ignite Poison            Fire/Tmut/Pois 14%          16%         3
 Iskenderun's Mystic Bla  Conj/Tloc      19%          17%         4
 Conjure Flame            Conj/Fire      13%          19%         3
 Olgreb's Toxic Radiance  Pois           18%          22%         4
 Silence                  Hex/Air        11%          22%         5
 Freeze                   Ice            20%          30%         1
 Yara's Violent Unravell  Hex/Tmut       11%          30%         5
 Lightning Bolt           Conj/Air       10%          32%         5
 Irradiate                Conj/Tmut      10%          41%         5
 Blade Hands              Tmut           9%           45%         5
 Alistair's Intoxication  Tmut/Pois      12%          50%         5
 Sticky Flame             Conj/Fire      13%          52%         4
 Bolt of Magma            Conj/Fire/Erth 9%           52%         5
 Ice Form                 Ice/Tmut       12%          58%         4
 Summon Demon             Summ           8%           58%         5
 Summon Ice Beast         Ice/Summ       11%          65%         4
 Iron Shot                Conj/Erth      12%          65%         6
 Metabolic Englaciation   Hex/Ice        7%           73%         5
 Statue Form              Tmut/Erth      15%          75%         6
 Fireball                 Conj/Fire      6%           85%         5
 Conjure Ball Lightning   Conj/Air       10%          85%         6
 Hydra Form               Tmut           9%           95%         6
 Eringya's Noxious Bog    Tmut/Pois      9%           96%         6
 Simulacrum               Ice/Necr       9%           96%         6
 Dispersal                Tloc           9%           98%         6
 Freezing Cloud           Conj/Ice/Air   8%           99%         6
 Starburst                Conj/Fire      6%           100%        6
 Dragon Form              Tmut           9%           100%        7
 Disjunction              Tloc           9%           100%        8
 Ignition                 Fire           2%           100%        8
 Necromutation            Tmut/Necr      12%          100%        8
 Dragon's Call            Summ           8%           100%        9
 Shatter                  Erth           14%          100%        9
 Tornado                  Air            11%          100%        9


Dungeon Overview and Level Annotations

Branches:
Dungeon (15/15)            Temple (1/1) D:6            Lair (6/6) D:11
  Swamp (4/4) Lair:3        Snake (4/4) Lair:2        Slime (5/5) Lair:5
    Orc (2/2) D:11            Elf (3/3) Orc:2        Vaults (5/5) D:14
  Crypt (3/3) Vaults:3       Tomb (0/3) Crypt:3      Depths (5/5) D:15
   Hell (visited)             Dis (0/7) Hell            Geh (0/7) Hell
    Coc (0/7) Hell            Tar (0/7) Hell            Zot (5/5) Depths:5
  Sewer (visited)           IceCv (visited)          WizLab (visited)

Altars:
Ashenzari
Cheibriados
Dithmenos
Elyvilon
Fedhas
Gozag
Hepliaklqana
Kikubaaqudgha
Makhleb
Nemelex Xobeh
Okawaru
Qazlal
Ru
Sif Muna
Trog
Uskayaw
Vehumet
Wu Jian
Xom
Yredelemnul
Zin
The Shining One
Beogh
Jiyva

Shops:
Orc:1 !   Orc:2 !*(:   Snake:1 ?}   Snake:4 =   Vaults:1 (=   Vaults:5 [
Depths:1 }===   Depths:4 *   Depths:5 [

Portals:
Hell: Depths:1 Depths:2 Depths:3 Depths:4 Depths:5
Abyss: Depths:2 Depths:4
Pandemonium: Orc:2 Depths:2 Depths:3 Depths:5
Trove: D:10 (give 4 potions of resistance)

Annotations:
D:2 1 runed translucent door, Crazy Yiuf
D:4 3 runed translucent doors, mojorge's ghost, amateur OpTm
D:6 3 runed translucent doors, Boomaye's ghost, weakling GnDe
Lair:3 exclusion: oklob plant
Orc:2 1 runed translucent door, rgaf's ghost, journeyman MfVM
Crypt:1 28 runed doors
Depths:3 3 runed translucent doors, exclusion: ice statue, Maimakterion's ghost, veteran DsGl
Zot:4 exclusion: 2 lightning spires


Innate Abilities, Weirdness & Mutations

You reflexively headbutt those who attack you in melee.
You have a pair of horns on your head.
You have a beak for a mouth.
You are partially covered in slimy green scales. (AC +2)
You are partially covered in thin metallic scales. (AC +2)
Scrolls take you longer to read.
You are robust. (+10% HP)


Message History

You block the storm dragon's attack. x2; The storm dragon closely misses you.
The Killer Klown blinks!
You feel better.
The Killer Klown blinks!
The Orb Guardian completely misses you. You furiously retaliate!
You headbutt the Orb Guardian!
The storm dragon bites you but does no damage.
The storm dragon closely misses you. You block the storm dragon's attack.
The Orb Guardian hits you but does no damage.
You feel better. You block the Orb Guardian's attack.
The Orb Guardian hits you!!!
* * * LOW HITPOINT WARNING * * *
The Orb Guardian completely misses you. You furiously retaliate!
You headbutt the Orb Guardian. You block the storm dragon's attack.
The storm dragon claws you!
* * * LOW HITPOINT WARNING * * *
The storm dragon completely misses you. The Orb Guardian closely misses you.
The ancient lich shouts!
You feel better. You block the Orb Guardian's attack. x3
The Orb Guardian hits you!!
You die...

**▓▓▓▓▓▓▓▓▓▓▓▓▓
****,............▓▓▓▓
**,,,,......$........▓▓*
**,,,,,......X@X........▓▓
*,,,,,,.......XD.........▓ ****
*,,^,,,.........y...^.$..▓**.,,
**,,,,,.......p..........▓*..,,
**,,^,..................▓...{^
**,^,............|.........∆,
**,,,,......^1..........▓,,,,,
**,,,,,L.....L§..........▓*,,∆,
*,,,,,,...§.§.§§.........▓**,{,


You could see a Killer Klown, 2 ancient liches, a storm dragon (slow), a
Tzitzimitl (summoned), 3 Orb Guardians and a moth of wrath.

Vanquished Creatures
  the Royal Jelly (Slime:5)
  2 orbs of fire
  Mara (Snake:4)
  Mennas (Depths:5)
  4 ancient liches
  3 juggernauts
  Sojobo (Depths:1)
  Margery (Crypt:2)
  the Lernaean hydra (Swamp:4)
  Saint Roka (Depths:2)
  A Killer Klown (Zot:5)
  Vashnia (Snake:4)
  2 curse toes (Zot:3)
  4 caustic shrikes
  9 golden dragons
  Xtahua (Crypt:2)
  7 bone dragons
  Nikola (Swamp:2)
  2 profane servitors
  2 Hell Sentinels (Abyss:2)
  2 hellephants
  An electric golem (Zot:5)
  11 tentacled monstrosities
  The ghost of HilariousDeathArtist the Warrior, an adept MiCK of Xom (Depths:2)
  5 liches
  12 Orb Guardians (Zot:5)
  4 deep elf blademasters
  4 quicksilver dragons
  7 titans (Vaults:5)
  24 acid blobs
  A thorn hunter (Swamp:3)
  7 ancient champions
  10 death cobs
  2 deep elf master archers (Elf:3)
  5 sphinxes
  9 tentacled starspawn
  7 shadow dragons
  A storm dragon (shapeshifter) (Elf:2)
  10 tengu reavers
  Donald (Elf:2)
  20 storm dragons
  14 azure jellies
  4 draconian monks
  Roxanne (Elf:1)
  7 revenants
  Kirke (D:12)
  8 nagarajas
  The ghost of mammut the Thaumaturge, a journeyman PaAM of Vehumet (Lair:5)
  6 draconian knights
  A ghost moth (shapeshifter) (Elf:2)
  2 deep elf sorcerers
  2 cacodemons
  Aizul (Swamp:2)
  12 vault wardens
  5 ghost moths
  4 iron dragons
  2 draconian scorchers
  4 draconian shifters
  11 frost giants
  Louise (Depths:4)
  2 balrugs
  7 fire giants
  A curse skull (Crypt:3)
  10 ghouls
  2 war gargoyles
  4 deep elf elementalists
  4 draconian annihilators
  5 reapers
  5 draconian stormcallers
  24 stone giants
  4 lorocyprocas
  18 ironheart preservers
  6 vampire knights
  7 black draconians
  4 deep elf demonologists
  26 very ugly things
  An entropy weaver (Vaults:4)
  12 green draconians
  5 deep elf annihilators
  7 bunyips
  7 purple draconians
  7 white draconians
  13 red draconians
  2 eidola
  6 yellow draconians
  An eleionoma (Swamp:4)
  An eleionoma (shapeshifter) (Depths:5)
  13 deep elf death magi
  11 ettins
  4 death oozes (Slime:5)
  A spectral quicksilver dragon (Crypt:3)
  6 fire dragons
  A green death (Depths:1)
  A blizzard demon (Depths:3)
  2 merfolk impalers (Depths:1)
  23 jiangshi
  A great orb of eyes (shapeshifter) (Elf:2)
  Josephine (D:12)
  A shambling mangrove (Swamp:4)
  14 ice dragons
  11 ogre magi
  A boulder beetle (shapeshifter) (Elf:2)
  6 deep elf high priests
  A monstrous demonspawn (Depths:3)
  11 great orbs of eyes
  29 hydras
  A fenstrider witch zombie (Crypt:2)
  5 rakshasas
  14 yaktaur captains
  7 boulder beetles
  14 naga warriors
  Harold (Lair:1)
  21 vault guards
  3 spriggan air magi
  An alligator snapping turtle (shapeshifter) (Elf:2)
  4 catoblepae
  2 hell beasts
  11 centaur warriors
  4 ghost crabs
  12 anacondas
  13 death knights
  27 two-headed ogres
  24 dancing weapons
  5 alligators
  A hell hog (Abyss:2)
  A two-headed ogre (shapeshifter) (Depths:5)
  7 deep troll earth magi
  9 death yaks (Lair:6)
  8 deep troll shamans
  A shock serpent (shapeshifter) (Vaults:5)
  12 thrashing horrors
  8 vampire magi
  8 tengu warriors
  6 spriggan berserkers
  10 orc high priests
  9 wretched stars
  6 shock serpents
  18 naga sharpshooters
  The ghost of wythoutpain the Covert, a journeyman SpEn of Dithmenos (Lair:1)
  6 soul eaters
  7 sun demons
  23 deep elf knights
  3 salamander mystics
  8 shadow wraiths
  A fire crab (shapeshifter) (D:13)
  27 hell knights
  2 iron golems (Hell)
  9 spriggans
  7 iron trolls
  A titan skeleton (Depths:2)
  2 spatial maelstroms (Abyss:3)
  A sea snake (shapeshifter) (Vaults:5)
  51 skeletal warriors
  A gelid demonspawn (Orc:2)
  4 goliath frogs
  12 sixfirhies
  11 swamp dragons (Swamp:4)
  2 unseen horrors (shapeshifter)
  2 glowing orange brains
  2 goliath frogs (shapeshifter) (Elf:2)
  8 unseen horrors
  A shadow demon (Abyss:2)
  17 wizards
  8 flayed ghosts
  30 deep trolls
  A spectral hydra (Crypt:3)
  A deep troll (shapeshifter) (Elf:2)
  An infernal demonspawn (Depths:5)
  2 torturous demonspawn (Orc:2)
  A spectral iron dragon (Crypt:3)
  6 bog bodies
  4 spriggan druids
  13 ironbrand convokers
  8 naga ritualists
  A golden dragon skeleton (Depths:2)
  10 mana vipers
  3 harpies (Vaults:2)
  28 deep elf archers
  6 phantasmal warriors
  2 fire giant zombies (Crypt:2)
  Pikel (D:4)
  12 orc knights
  An anaconda skeleton (Crypt:2)
  3 wolf spiders
  12 necromancers
  4 shining eyes
  37 ugly things
  A tengu skeleton (Zig:5)
  A wolf spider (shapeshifter) (Vaults:5)
  8 cyclopes
  7 will-o-the-wisps
  3 manticores
  9 orc sorcerers
  4 oklob plants (Lair:5)
  An eleionoma zombie (Crypt:1)
  79 deep elf magi
  A shining eye (shapeshifter) (Vaults:5)
  2 frost giant zombies
  10 salamanders
  25 moths of wrath
  13 elephants
  A moth of wrath (shapeshifter) (D:14)
  4 worldbinders
  39 black mambas
  2 iron dragon skeletons
  8 rust devils
  2 centaur zombies (D:14)
  3 apocalypse crabs
  26 naga magi
  2 water nymphs (shapeshifter)
  4 guardian serpents
  3 ice statues
  15 vault sentinels
  A black mamba (shapeshifter) (Vaults:4)
  3 orange demons
  3 torpor snails
  A cane toad (shapeshifter) (D:14)
  7 smoke demons
  5 eyes of devastation
  2 gargoyles
  A shock serpent skeleton (Crypt:1)
  2 kobold demonologists (D:15)
  2 tormentors
  A yaktaur (shapeshifter) (Vaults:3)
  2 hellions
  11 cane toads
  8 rime drakes
  2 efreet (D:14)
  14 ice devils
  A demonic crawler (Depths:1)
  14 freezing wraiths
  3 spriggan skeletons
  4 komodo dragons
  44 yaktaurs
  A hellwing (Orc:2)
  A red draconian skeleton (Crypt:2)
  5 red devils
  3 hydra zombies (Hell)
  3 ancient zymes
  13 tyrant leeches
  4 tengu conjurers
  A jumping spider (shapeshifter) (Vaults:4)
  A silent spectre (Abyss:2)
  A meliai (Lair:1)
  12 trolls
  A wind drake (Zot:4)
  A meliai (shapeshifter) (Depths:2)
  A tengu simulacrum (Vaults:2)
  26 blink frogs
  A hornet (shapeshifter) (Depths:1)
  A tyrant leech (shapeshifter) (Elf:2)
  2 queen bees
  3 polar bears
  11 raiju
  A jumping spider zombie (Crypt:1)
  18 hornets
  2 fire dragon zombies (Depths:1)
  4 hydra skeletons
  3 stone giant simulacra
  A dream sheep (shapeshifter) (Elf:2)
  115 slime creatures
  An ice dragon zombie (Crypt:2)
  A spriggan zombie (Zig:6)
  A frost giant simulacrum (Crypt:3)
  5 dream sheep
  2 ettin zombies (Crypt:2)
  66 flying skulls
  2 redbacks (Vaults:4)
  A spriggan (shapeshifter) (Vaults:4)
  20 wraiths
  A fire dragon skeleton (Abyss:2)
  A black mamba zombie (Crypt:2)
  2 tarantellas (shapeshifter)
  4 air elementals
  A centaur simulacrum (D:14)
  13 water elementals
  An alligator skeleton (Hell)
  5 shadows
  A tarantella (Vaults:4)
  An elf skeleton (Depths:2)
  7 vampires
  36 yaks
  5 wyverns
  7 ynoxinuls
  Eustachio (D:4)
  A basilisk (shapeshifter) (Vaults:3)
  5 chaos spawn
  3 neqoxecs
  8 fire elementals
  6 golden eyes
  3 fire bats (Lair:3)
  A basilisk (Lair:1)
  A yaktaur simulacrum (Vaults:3)
  2 humans (shapeshifter)
  7 wargs
  6 hogs (D:12)
  A spatial vortex (Abyss:3)
  10 vampire mosquitoes
  Edmund (D:5)
  A swamp worm (shapeshifter) (Elf:2)
  A water nymph zombie (Crypt:2)
  14 swamp worms
  2 soldier ants (D:14)
  An insubstantial wisp (Depths:1)
  5 two-headed ogre zombies (WizLab)
  A cane toad zombie (Hell)
  3 acid dragons
  A human skeleton (Zig:6)
  48 nagas
  5 hell hounds (Hell)
  17 water moccasins
  21 small abominations
  A floating eye (shapeshifter) (Depths:5)
  5 swamp drakes
  Duvessa (D:4)
  21 ice beasts
  18 large abominations
  An ice beast (shapeshifter) (Elf:2)
  40 orc warriors
  5 sky beasts
  24 starcursed masses
  3 phantoms
  An alligator simulacrum (Crypt:2)
  3 black bears
  38 ogres
  A black bear (shapeshifter) (Elf:2)
  4 necrophages (Crypt:3)
  A wolf (shapeshifter) (Vaults:5)
  46 wolves
  8 boggarts
  5 eyes of draining
  15 centaurs
  A draconian zombie (Crypt:1)
  6 big kobolds
  6 nameless horrors
  A yaktaur zombie (Zig:1)
  6 earth elementals
  25 bullfrogs
  A bullfrog (shapeshifter) (Elf:2)
  A glowing shapeshifter simulacrum (Vaults:3)
  Dowan (D:4)
  A warg zombie (Crypt:2)
  A raiju zombie (Crypt:2)
  7 troll zombies (WizLab)
  A wyvern skeleton (Crypt:2)
  A water moccasin skeleton (D:7)
  5 scorpions
  2 human simulacra
  12 killer bees
  25 wights
  A raiju skeleton (Crypt:1)
  A yak skeleton (Crypt:2)
  7 howler monkeys
  4 crimson imps
  3 jellies
  4 quasits
  5 bullfrog skeletons
  A bullfrog zombie (D:9)
  6 hounds
  A demonspawn skeleton (Crypt:1)
  36 orc priests
  4 centaur skeletons
  4 iron imps
  29 orc wizards
  A gnoll shaman (D:10)
  7 iguanas
  3 lightning spires (Zot:4)
  11 worker ants
  7 hell rats (Depths:1)
  7 ogre zombies (WizLab)
  A hound zombie (D:7)
  A hound skeleton (D:8)
  A worker ant zombie (D:5)
  7 gnolls
  20 adders
  6 river rats (Sewer)
  2 shadow imps
  13 white imps
  4 ufetubi
  2 oozes (Sewer)
  An adder zombie (D:9)
  An adder skeleton (D:4)
  A worm (D:2)
  3 dart slugs
  7 leopard geckos
  107 orcs
  5 ball pythons
  A bat skeleton (Crypt:2)
  5 giant cockroaches
  4 goblins
  9 hobgoblins
  10 jackals
  19 kobolds
  6 quokkas
  4 bats
  8 frilled lizards
  A jackal skeleton (D:4)
  A jackal zombie (Crypt:2)
  A kobold skeleton (Crypt:1)
  2 leopard gecko skeletons (D:5)
  2 orc skeletons (Crypt:1)
  2 quokka zombies (D:6)
  27 rats
  A rat skeleton (Crypt:1)
  3 ball lightnings (Zot:4)
  8 starspawn tentacles
3065 creatures vanquished.

Vanquished Creatures (collateral kills)
  An ancient lich (Zot:5)
  Geryon (Hell)
  A doom hound (Zig:5)
  An electric golem (Zot:2)
  A tentacled monstrosity (Zot:4)
  An Orb Guardian (Zot:5)
  A lich (Vaults:5)
  2 acid blobs (Zig:4)
  A death cob (Zot:4)
  3 storm dragons
  A draconian monk (Zot:4)
  An azure jelly (shapeshifter) (Vaults:5)
  A shadow dragon (Depths:5)
  An iron dragon (Hell)
  A draconian knight (Zot:4)
  An azure jelly (Slime:1)
  A ghost moth (Zot:4)
  3 draconian scorchers
  3 draconian shifters
  A deep elf elementalist (Vaults:5)
  A very ugly thing (Vaults:5)
  3 stone giants
  2 yellow draconians
  2 white draconians (Zot:2)
  2 entropy weavers (Zig:7)
  A purple draconian (Zot:1)
  A deep elf demonologist (Elf:3)
  A bunyip (Swamp:4)
  A deep elf annihilator (Vaults:5)
  4 black draconians
  A green draconian (Zot:4)
  A deep elf death mage (Elf:3)
  A death ooze (Slime:2)
  3 ice dragons
  A ghost crab (Swamp:4)
  6 vault guards (Vaults:5)
  2 death knights (Crypt:3)
  3 two-headed ogres
  A dancing weapon (Elf:3)
  A hell hog (Hell)
  A skeletal warrior (Depths:2)
  A shadow demon (Zig:5)
  A spark wasp zombie (Zig:5)
  A glowing orange brain (Zig:4)
  3 swamp dragons
  A necromancer (Depths:1)
  An ugly thing (Depths:2)
  A shining eye (Slime:1)
  3 moths of wrath
  A naga mage (Snake:1)
  A fire giant skeleton (Zig:5)
  3 gargoyles (Zig:7)
  A tormentor (Zig:5)
  A red devil (Abyss:3)
  2 tengu conjurers
  13 slime creatures
  A golden eye (Zig:4)
  2 orc warriors (Zig:8)
  An eye of draining (Zig:4)
  A wolf (Lair:6)
  3 earth elementals (Zig:7)
  An iron imp (Hell)
  An ufetubus (Depths:3)
  An orc (Depths:2)
111 creatures vanquished.

Vanquished Creatures (others)
  A golden dragon (Depths:5)
  7 death cobs
  An eldritch tentacle (Zot:3)
  A draconian monk (Zot:3)
  A draconian knight (Zot:1)
  A ghost moth (Zot:4)
  A draconian stormcaller (Zot:4)
  A draconian scorcher (Zot:4)
  2 draconian annihilators
  A white draconian (Zot:2)
  2 black draconians
  A merfolk impaler (Depths:1)
  An eleionoma (Swamp:4)
  A deep elf high priest (Vaults:5)
  A naga sharpshooter (Snake:4)
  2 deep elf knights
  A goliath frog (Swamp:2)
  A spriggan druid (Swamp:4)
  A wizard (Depths:1)
  A mana viper (Snake:4)
  A will-o-the-wisp (Swamp:2)
  2 naga magi (Snake:4)
  A red devil (Hell)
  2 hornets (Swamp:4)
  2 bloated husks (Swamp:2)
  A blink frog (Lair:6)
  A dream sheep (Lair:3)
  A starcursed mass (Abyss:3)
  A yak (Lair:1)
  A neqoxec (Abyss:2)
  A swamp drake (Swamp:4)
  2 wolves (Lair:6)
  A small abomination (Abyss:3)
  3 hell rats (Hell)
  2 ball lightnings (Zot:4)
  17 bushes
  36 foxfires
  39 fungi
  2 lurking horrors (Abyss:3)
  70 plants
  18 starspawn tentacles
233 creatures vanquished.

Grand Total: 3409 creatures vanquished

Notes
Turn   | Place    | Note
-------+----------+-------------------------------------------
     0 | D:1      | dolemite99 the Minotaur Fighter began the quest for the
                  | Orb.
     0 | D:1      | Reached XP level 1. HP: 19/19 MP: 0/0
   165 | D:1      | Reached XP level 2. HP: 26/26 MP: 1/1
   882 | D:1      | Reached XP level 3. HP: 31/31 MP: 2/2
  1908 | D:2      | Reached skill level 5 in Axes
  2185 | D:2      | Found a runed translucent door.
  2186 | D:2      | Noticed Crazy Yiuf
  2697 | D:3      | Reached XP level 4. HP: 39/39 MP: 3/3
  3037 | D:3      | Found a broken altar of Ashenzari.
  3054 | D:3      | Reached XP level 5. HP: 29/45 MP: 4/4
  3519 | D:3      | Became a worshipper of Ashenzari the Shackled
  3715 | D:4      | Reached XP level 6. HP: 47/51 MP: 5/5
  3768 | D:4      | Found a runed translucent gate.
  3768 | D:4      | Found a runed translucent gate.
  3793 | D:4      | Found a runed translucent gate.
  3799 | D:4      | Noticed Pikel
  3817 | D:4      | Noticed mojorge's ghost (amateur OpTm)
  3821 | D:4      | Killed Pikel
  3822 | D:4      | Reached skill level 10 in Axes
  3822 | D:4      | Reached XP level 7. HP: 23/57 MP: 6/6
  4280 | D:4      | Noticed Eustachio
  4299 | D:4      | Killed Eustachio
  4525 | D:4      | Noticed Duvessa
  4525 | D:4      | Noticed Dowan
  4540 | D:4      | Killed Duvessa
  4545 | D:4      | Killed Dowan
  4856 | D:5      | Entered Level 5 of the Dungeon
  4862 | D:5      | Reached XP level 8. HP: 50/64 MP: 7/7
  5132 | D:5      | Reached * piety under Ashenzari
  5173 | D:5      | Found a glowing drain.
  5181 | Sewer    | Entered a sewer
  6330 | D:5      | Noticed a two-headed ogre
  6342 | D:5      | Killed a two-headed ogre
  6343 | D:5      | Reached XP level 9. HP: 35/70 MP: 8/8
  6820 | D:5      | Noticed Edmund
  6829 | D:5      | Killed Edmund
  6830 | D:5      | Reached skill level 4 in Fighting
  6942 | D:6      | Found a staircase to the Ecumenical Temple.
  6982 | Temple   | Entered the Ecumenical Temple
  7407 | D:6      | Found a sparkling altar of Nemelex Xobeh.
  7738 | D:6      | Found a white marble altar of Elyvilon.
  8015 | D:6      | Found a runed translucent gate.
  8015 | D:6      | Found a runed translucent gate.
  8015 | D:6      | Found a runed translucent gate.
  8017 | D:6      | Noticed Boomaye's ghost (weakling GnDe)
  8360 | D:7      | Reached ** piety under Ashenzari
  8393 | D:7      | Reached skill level 5 in Fighting
  8393 | D:7      | Reached skill level 5 in Shields
  9130 | D:8      | Reached skill level 6 in Fighting
  9369 | D:8      | Reached skill level 7 in Fighting
  9426 | D:8      | Reached XP level 10. HP: 75/86 MP: 9/9
 10126 | D:8      | Found an ancient bone altar of Kikubaaqudgha.
 10532 | D:9      | Reached skill level 8 in Fighting
 10792 | D:9      | Reached skill level 5 in Armour
 10931 | D:9      | Noticed a two-headed ogre
 10944 | D:9      | Killed a two-headed ogre
 11304 | D:9      | Found a bloodstained altar of Trog.
 11391 | D:10     | Entered Level 10 of the Dungeon
 11490 | D:10     | Reached skill level 1 in Evocations
 11577 | D:10     | Reached *** piety under Ashenzari
 11861 | D:10     | Reached XP level 11. HP: 76/94 MP: 10/10
 12011 | D:10     | Found a portal to a secret trove of treasure.
 12540 | D:11     | Noticed a green ugly thing
 12555 | D:11     | Killed a green ugly thing
 12888 | D:11     | Noticed an unseen horror
 12890 | D:11     | Noticed a boulder beetle
 12902 | D:11     | Killed an unseen horror
 12909 | D:11     | Reached skill level 15 in Axes
 13510 | D:11     | Killed a boulder beetle
 13810 | D:11     | Found a staircase to the Lair.
 13810 | D:11     | Noticed a five-headed hydra
 13824 | D:11     | Killed a five-headed hydra
 14063 | D:11     | Reached skill level 5 in Maces & Flails
 14287 | D:11     | Reached skill level 5 in Evocations
 14327 | D:11     | Found a staircase to the Orcish Mines.
 14942 | Lair:1   | Entered Level 1 of the Lair of Beasts
 14966 | Lair:1   | Noticed Harold
 14970 | Lair:1   | Reached XP level 12. HP: 101/101 MP: 11/11
 14972 | Lair:1   | Killed Harold
 14981 | Lair:1   | Reached skill level 1 in Throwing
 15092 | Lair:1   | Noticed a six-headed hydra
 15101 | Lair:1   | Killed a six-headed hydra
 15110 | Lair:1   | Reached skill level 5 in Throwing
 15516 | Lair:1   | Found a transporter.
 15517 | Lair:1   | Found a transporter.
 15517 | Lair:1   | Noticed wythoutpain's ghost (journeyman SpEn)
 16494 | Lair:1   | Reached **** piety under Ashenzari
 16519 | Lair:1   | Noticed a seven-headed hydra
 16533 | Lair:1   | Killed a seven-headed hydra
 17160 | Lair:2   | Found a staircase to the Snake Pit.
 17601 | Lair:3   | Found a staircase to the Swamp.
 17612 | Lair:3   | Reached skill level 10 in Throwing
 17699 | Lair:3   | Found a frozen archway.
 17707 | IceCv    | Entered an ice cave
 17715 | IceCv    | Reached XP level 13. HP: 83/107 MP: 12/12
 18363 | IceCv    | Reached skill level 9 in Fighting
 18713 | IceCv    | Reached skill level 10 in Fighting
 18716 | IceCv    | Identified the ring of the Skies Above {Str+6 Dex+3}
 19481 | Lair:3   | Reached skill level 11 in Fighting
 19985 | Lair:3   | Reached skill level 12 in Fighting
 20254 | Lair:4   | Reached skill level 13 in Fighting
 21343 | Lair:5   | Found a staircase to the Slime Pits.
 21574 | Lair:5   | Reached ***** piety under Ashenzari
 21787 | Lair:5   | Reached skill level 10 in Armour
 22421 | Lair:5   | Found a runed translucent gate.
 22422 | Lair:5   | Found a runed translucent gate.
 22422 | Lair:5   | Found a runed translucent gate.
 22424 | Lair:5   | Noticed mammut's ghost (journeyman PaAM)
 22693 | Lair:6   | Entered Level 6 of the Lair of Beasts
 22796 | Lair:6   | Reached XP level 14. HP: 116/130 MP: 13/13
 24193 | Lair:6   | Found an ancient bone altar of Kikubaaqudgha.
 25028 | Lair:6   | Reached skill level 10 in Shields
 26001 | D:12     | Noticed Kirke
 26018 | D:12     | Killed Kirke
 26022 | D:12     | Noticed Josephine
 26030 | D:12     | Killed Josephine
 26371 | D:12     | Reached XP level 15. HP: 137/137 MP: 14/14
 26537 | D:12     | Reached skill level 10 in Maces & Flails
 27291 | Orc:1    | Entered Level 1 of the Orcish Mines
 27348 | Orc:1    | Found Met Inyt's Distillery.
 27376 | Orc:1    | Bought a potion of berserk rage for 85 gold pieces
 27376 | Orc:1    | Bought a potion of cancellation for 136 gold pieces
 27461 | Orc:1    | Reached skill level 1 in Stealth
 27870 | Orc:2    | Entered Level 2 of the Orcish Mines
 27884 | Orc:2    | Found a staircase to the Elven Halls.
 27885 | Orc:2    | Found a roughly hewn altar of Beogh.
 28030 | Orc:2    | Found a runed translucent door.
 28110 | Orc:2    | Noticed rgaf's ghost (journeyman MfVM)
 28436 | Orc:2    | Found Fytalod's Distillery.
 28460 | Orc:2    | Found Focvo's General Store.
 28552 | Orc:2    | Bought a potion of might for 68 gold pieces
 28845 | Orc:2    | Found a bloodstained altar of Trog.
 29073 | Orc:2    | Paralysed by an orc sorcerer for 4 turns
 29082 | Orc:2    | Reached skill level 5 in Stealth
 29894 | Orc:2    | Found Eqowaahe's Book Boutique.
 29894 | Orc:2    | Found a one-way gate leading to the halls of Pandemonium.
 29894 | Orc:2    | Found Rishoroe's Antique Weapon Shop.
 29899 | Orc:2    | Bought a runed eveningstar for 522 gold pieces
 30096 | Lair:1   | Killed wythoutpain's ghost
 30691 | Orc:2    | Bought a book of Minor Magic for 320 gold pieces
 30696 | Orc:2    | Bought a transparent mace for 232 gold pieces
 30734 | Orc:2    | Bought a potion of curing for 42 gold pieces
 30734 | Orc:2    | Bought 3 scrolls of magic mapping for 147 gold pieces
 30734 | Orc:2    | Bought an uncursed ring of poison resistance for 280 gold
                  | pieces
 30753 | Orc:2    | Bought a tin of tremorstones (2/2) for 560 gold pieces
 30851 | D:13     | Reached skill level 14 in Fighting
 31212 | D:13     | Identified a scroll of acquirement
 31233 | D:13     | Acquired the cursed +0 pair of boots of Tamp {Dex+4}
 31711 | D:14     | Found a gate to the Vaults.
 33124 | D:14     | Identified the ring "Donanavi" {+Inv rPois MP+9 Dex+3}
 33221 | D:14     | Reached XP level 16. HP: 147/147 MP: 15/15
 33286 | D:14     | Identified the +3 ice dragon scales of Tartarus {rF- rC++
                  | rN+ rCorr Str+5}
 33413 | D:14     | Identified the cursed -1 buckler of Forking Paths {+Fly
                  | rPois rN++ Dex-5}
 33688 | D:15     | Entered Level 15 of the Dungeon
 33749 | D:15     | Found a staircase to the Depths.
 34249 | D:15     | Reached ****** piety under Ashenzari
 34748 | D:15     | Learned a level 2 spell: Blink
 34817 | D:15     | Reached skill level 1 in Summonings
 35411 | Snake:1  | Entered Level 1 of the Snake Pit
 35748 | Snake:1  | Found Anky's Magic Scroll Shoppe.
 35752 | Snake:1  | Found Fucrargh's Gadget Shoppe.
 35764 | Snake:1  | Bought a scroll of remove curse for 48 gold pieces
 35794 | Snake:1  | Bought a wand of disintegration (8) for 180 gold pieces
 35794 | Snake:1  | Bought a wand of disintegration (9) for 195 gold pieces
 36120 | Snake:1  | Reached skill level 15 in Fighting
 37726 | Snake:2  | Reached skill level 5 in Summonings
 38879 | Snake:2  | Upgraded the game from 0.26-a0-1126-g3318b609a0 to
                  | 0.26-a0-1129-gc5df7fbe6a
 39245 | Snake:3  | Reached XP level 17. HP: 96/156 MP: 16/16
 40455 | Swamp:1  | Entered Level 1 of the Swamp
 41828 | Swamp:2  | Noticed Nikola
 41852 | Swamp:2  | Killed Nikola
 42752 | Swamp:2  | Reached skill level 15 in Shields
 42948 | Swamp:2  | Learned a level 2 spell: Call Imp
 43498 | Swamp:2  | Noticed Aizul
 43520 | Swamp:2  | Killed Aizul
 45995 | Snake:3  | Got the uncursed plate armour of Joy {Rampage Regen+ Str-4
                  | Stlth+}
 46006 | Snake:3  | Identified the +8 plate armour of Joy {Rampage Regen+ Str-4
                  | Stlth+} (You found it on level 3 of the Snake Pit)
 46452 | Swamp:4  | Entered Level 4 of the Swamp
 48114 | Swamp:4  | Reached XP level 18. HP: 157/163 MP: 17/17
 48203 | Swamp:4  | Noticed the 27-headed Lernaean hydra
 48210 | Swamp:4  | Killed the 27-headed Lernaean hydra
 48218 | Swamp:4  | Reached skill level 16 in Fighting
 48657 | Swamp:4  | Got a decaying rune of Zot
 49065 | Snake:4  | Entered Level 4 of the Snake Pit
 49380 | Snake:4  | Found Gosie's Jewellery Shoppe.
 49392 | Snake:4  | Bought the amulet of Plog {Reflect +Inv Will+ Dex-5 SH+5}
                  | for 430 gold pieces
 49473 | Snake:4  | Reached skill level 17 in Fighting
 49821 | Snake:4  | Noticed Mara
 49823 | Snake:4  | Noticed dolemite99's illusion
 49830 | Snake:4  | Killed Mara
 50286 | Snake:4  | Reached skill level 18 in Fighting
 50509 | Snake:4  | Reached skill level 1 in Translocations
 51109 | Snake:4  | Got a serpentine rune of Zot
 51269 | Snake:4  | Reached skill level 5 in Translocations
 51506 | Snake:4  | Noticed Vashnia
 51549 | Snake:4  | Killed Vashnia
 51550 | Snake:4  | Reached XP level 19. HP: 154/179 MP: 18/18
 51944 | Snake:1  | Bought a scroll of fear for 56 gold pieces
 51944 | Snake:1  | Bought a scroll of teleportation for 48 gold pieces
 51944 | Snake:1  | Bought 3 scrolls of fear for 168 gold pieces
 51944 | Snake:1  | Bought a scroll of magic mapping for 56 gold pieces
 52103 | Vaults:1 | Entered Level 1 of the Vaults
 52164 | Vaults:1 | Reached skill level 1 in Spellcasting
 53318 | Vaults:1 | Found Ughiewe's Jewellery Emporium.
 54011 | Vaults:1 | Reached skill level 5 in Spellcasting
 54287 | Vaults:1 | Found Boffedgh's Weapon Emporium.
 55452 | Vaults:2 | Learned a level 2 spell: Swiftness
 55457 | Vaults:2 | Learned a level 4 spell: Animate Dead
 56624 | Snake:1  | Bought a scroll of enchant weapon for 120 gold pieces
 57266 | Vaults:3 | Reached XP level 20. HP: 187/187 MP: 32/32
 57369 | Vaults:3 | Paralysed by a great orb of eyes for 6 turns
 57856 | Vaults:3 | Found a staircase to the Crypt.
 58295 | Vaults:4 | Reached skill level 10 in Spellcasting
 58770 | Vaults:4 | Acquired a cursed +1 hat of willpower
 60234 | Vaults:4 | Identified the +0 kite shield "Wygi" {rPois rCorr Dex+6
                  | Stlth-}
 60758 | Elf:1    | Entered Level 1 of the Elven Halls
 60782 | Elf:1    | Reached skill level 1 in Necromancy
 60895 | Elf:1    | Reduced skill Stealth to level 5
 60929 | Elf:1    | Reached skill level 5 in Necromancy
 61288 | Elf:1    | Reached XP level 21. HP: 174/195 MP: 35/35
 61471 | Elf:1    | Identified Roxanne's Papyrus of Stones
 61471 | Elf:1    | Noticed Roxanne
 61491 | Elf:1    | Killed Roxanne
 61703 | Elf:1    | Reduced skill Stealth to level 1
 62055 | Elf:2    | Found a magical portal.
 62074 | WizLab   | Entered Zonguldrok's Shrine
 62227 | WizLab   | Reached skill level 1 in Dodging
 62404 | WizLab   | Noticed an antique lich
 62406 | WizLab   | Found the +9 sword of Zonguldrok {reap}
 62414 | WizLab   | Killed an antique lich
 62496 | Elf:2    | Reached skill level 5 in Dodging
 62775 | Elf:2    | Noticed Donald
 62806 | Elf:2    | Killed Donald
 62834 | Elf:2    | Found a huge runed gate.
 62834 | Elf:2    | Found a huge runed gate.
 62834 | Elf:2    | Found a huge runed gate.
 62836 | Elf:2    | Found a huge runed gate.
 62836 | Elf:2    | Found a huge runed gate.
 62836 | Elf:2    | Found a huge runed gate.
 62836 | Elf:2    | Found a huge runed gate.
 62836 | Elf:2    | Found a huge runed gate.
 62837 | Elf:2    | Found a huge runed gate.
 62857 | Elf:2    | Found a huge runed gate.
 62857 | Elf:2    | Found a huge runed gate.
 62858 | Elf:2    | Found a huge runed gate.
 62858 | Elf:2    | Found a huge runed gate.
 62860 | Elf:2    | Found a huge runed gate.
 62860 | Elf:2    | Found a huge runed gate.
 62911 | Elf:2    | Found a huge runed gate.
 63546 | Elf:2    | Found a huge runed gate.
 63546 | Elf:2    | Found a huge runed gate.
 63547 | Elf:2    | Found a huge runed gate.
 63547 | Elf:2    | Found a huge runed gate.
 63553 | Elf:2    | Found a huge runed gate.
 63554 | Elf:2    | Found a huge runed gate.
 63594 | Elf:2    | Found a runed translucent gate.
 63594 | Elf:2    | Found a runed translucent gate.
 63594 | Elf:2    | Found a runed translucent gate.
 64137 | Elf:2    | Found a huge runed gate.
 64137 | Elf:2    | Found a huge runed gate.
 64138 | Elf:2    | Found a huge runed gate.
 64138 | Elf:2    | Found a huge runed gate.
 64816 | Elf:2    | Cast into level 2 of the Abyss (+8 quick blade of
                  | distortion)
 64825 | Abyss:2  | Found a corrupted altar of Lugonu.
 64847 | Abyss:2  | Gained mutation: Your spells are a little harder to cast,
                  | but a little more powerful. [a shining eye]
 64860 | Elf:2    | Escaped the Abyss
 65291 | Elf:2    | Reached skill level 10 in Dodging
 65870 | Elf:2    | Identified the +0 chain mail "Faidd" {+Inv rF+++ Int-3}
                  | (You found it on level 2 of the Elven Halls)
 66789 | Depths:1 | Entered Level 1 of the Depths
 66789 | Depths:1 | Noticed Sojobo
 66806 | Depths:1 | Killed Sojobo
 67339 | Depths:1 | Found a gateway to Hell.
 67507 | Depths:1 | Identified the +8 bardiche of Jumekhla {venom, rF+ Dex+4}
 67549 | Depths:1 | Reached XP level 22. HP: 132/202 MP: 36/36
 68050 | Depths:1 | Found Ziomu's Gadget Boutique.
 68050 | Depths:1 | Found Noihiwesk's Jewellery Shoppe.
 68051 | Depths:1 | Found Nuanusk's Jewellery Shoppe.
 68062 | Depths:1 | Bought a box of beasts for 880 gold pieces
 68086 | Depths:1 | Found a runed translucent gate.
 68086 | Depths:1 | Found a runed translucent gate.
 68086 | Depths:1 | Found a runed translucent gate.
 68089 | Depths:1 | Found Qacvoito's Jewellery Shop.
 68416 | Depths:2 | Acquired 752 gold pieces
 68425 | Depths:2 | Acquired the cursed ring of the Well-Known Tales {Wiz rF+
                  | Stlth+}
 68436 | Depths:2 | Acquired the cursed +3 pair of gauntlets of War {Slay+5}
 68437 | Depths:2 | Found the cursed +3 pair of gauntlets of War {Slay+5}
 68463 | Depths:2 | Noticed Saint Roka
 68484 | Depths:2 | Killed Saint Roka
 69392 | Depths:2 | Found a runed translucent door.
 69394 | Depths:2 | Noticed HilariousDeathArtist's ghost (adept MiCK)
 69519 | Depths:2 | Found a one-way gate to the infinite horrors of the Abyss.
 70453 | Depths:3 | Reached skill level 15 in Dodging
 70520 | Depths:3 | Noticed a golden dragon
 70538 | Depths:3 | Killed a golden dragon
 71284 | Depths:3 | Reached skill level 15 in Armour
 71317 | Depths:3 | Identified the cursed +0 robe of Apathy {*Drain rC++ MP+9
                  | SInv}
 71576 | Depths:3 | Identified the amulet of Kairamathre {Spirit rPois rC+++
                  | Slay-2 SInv}
 71601 | Depths:3 | Found a runed translucent gate.
 71601 | Depths:3 | Found a runed translucent gate.
 71601 | Depths:3 | Found a runed translucent gate.
 71601 | Depths:3 | Noticed Maimakterion's ghost (veteran DsGl)
 71914 | Depths:2 | Reached skill level 1 in Air Magic
 72349 | Snake:1  | Bought a scroll of acquirement for 832 gold pieces
 72351 | Snake:1  | Acquired 1258 gold pieces
 72359 | Snake:1  | Bought a wand of digging (6) for 300 gold pieces
 72359 | Snake:1  | Bought a wand of flame (18) for 150 gold pieces
 72359 | Snake:1  | Bought a wand of flame (12) for 105 gold pieces
 72595 | Depths:1 | Bought a wand of iceblast (6) for 220 gold pieces
 72595 | Depths:1 | Bought a wand of paralysis (1) for 66 gold pieces
 72595 | Depths:1 | Bought a wand of enslavement (9) for 242 gold pieces
 72595 | Depths:1 | Bought a wand of paralysis (10) for 264 gold pieces
 72595 | Depths:1 | Bought a wand of iceblast (10) for 308 gold pieces
 72595 | Depths:1 | Bought a wand of digging (4) for 352 gold pieces
 72595 | Depths:1 | Bought a wand of acid (8) for 528 gold pieces
 72804 | Depths:1 | Acquired 1145 gold pieces
 73459 | Depths:3 | Noticed an ancient lich
 73472 | Depths:3 | Killed an ancient lich
 73968 | Depths:4 | Reached skill level 5 in Air Magic
 73968 | Depths:4 | Reached XP level 23. HP: 202/211 MP: 37/37
 74987 | Depths:4 | Found Mussuos's Pet Rocks.
 75145 | Depths:4 | Learned a level 2 spell: Passwall
 75174 | Depths:4 | Noticed Louise
 75208 | Depths:4 | Killed Louise
 75209 | Depths:4 | Reached skill level 1 in Earth Magic
 75569 | Depths:5 | Entered Level 5 of the Depths
 75605 | Depths:5 | Noticed a juggernaut
 75619 | Depths:5 | Killed a juggernaut
 75891 | Depths:5 | Reached skill level 5 in Earth Magic
 76328 | Depths:5 | Found Gyfo's Armour Shoppe.
 76337 | Depths:5 | Bought the +2 hat of the Bear Spirit {Spirit, +Rage rN+
                  | Will++} for 860 gold pieces
 76337 | Depths:5 | Found the +2 hat of the Bear Spirit {Spirit, +Rage rN+
                  | Will++}
 76747 | Depths:5 | Found a gateway to a ziggurat.
 76748 | Depths:5 | Found a huge runed gate.
 76749 | Depths:5 | Found a huge runed gate.
 76751 | Depths:5 | Found a huge runed gate.
 76752 | Depths:5 | Found a huge runed gate.
 76753 | Depths:5 | Found a huge runed gate.
 76753 | Depths:5 | Found a huge runed gate.
 76754 | Depths:5 | Found a huge runed gate.
 76755 | Depths:5 | Found a huge runed gate.
 76756 | Depths:5 | Found a huge runed gate.
 76757 | Depths:5 | Found a huge runed gate.
 76758 | Depths:5 | Found a huge runed gate.
 76766 | Depths:5 | Found a huge runed gate.
 76778 | Depths:5 | Found a huge runed gate.
 76830 | Depths:5 | Found a huge runed gate.
 76830 | Depths:5 | Found a huge runed gate.
 76831 | Depths:5 | Found a huge runed gate.
 76831 | Depths:5 | Found a huge runed gate.
 76832 | Depths:5 | Found a huge runed gate.
 76832 | Depths:5 | Found a huge runed gate.
 76865 | Depths:5 | Found a huge runed gate.
 76874 | Depths:5 | Found a huge runed gate.
 76890 | Depths:5 | Found a huge runed gate.
 77158 | Depths:5 | Noticed Mennas
 77191 | Depths:5 | Killed Mennas
 77666 | Depths:5 | Found a gate to the Realm of Zot.
 78201 | Depths:5 | Noticed a caustic shrike
 78201 | Depths:5 | Noticed a caustic shrike
 78201 | Depths:5 | Noticed a caustic shrike
 78353 | Depths:5 | Killed a caustic shrike
 78354 | Depths:5 | Reached XP level 24. HP: 205/218 MP: 37/37
 78427 | Depths:5 | Reached skill level 10 in Earth Magic
 78450 | Depths:5 | Paralysed by a floating eye for 2 turns
 79584 | Elf:3    | Entered Level 3 of the Elven Halls
 80109 | Elf:3    | Found a shimmering blue altar of Sif Muna.
 80439 | Elf:3    | Reached skill level 1 in Transmutations
 80617 | Elf:3    | Identified the ring "Jytziuc" {rC+ Dex+4 Stlth+}
 80914 | Elf:3    | Identified the Incunabulum of Noxious Conjuration
 80924 | Elf:3    | Identified the +2 long sword of Cimat {flame, Int+3}
 81030 | Elf:3    | Reached skill level 5 in Transmutations
 81086 | Elf:3    | Identified the amulet of the Everdark {Faith rPois Will-
                  | Int+4}
 81238 | Elf:3    | Identified the Volume of Distant Shores
 81279 | Elf:3    | Learned a level 1 spell: Apportation
 81280 | Elf:3    | Found the +12 glaive of Prune {vorpal}
 81284 | Elf:3    | Found the +8 longbow "Zephyr" {speed, Dex+3 SInv}
 81869 | Crypt:1  | Entered Level 1 of the Crypt
 82454 | Crypt:1  | Found a huge runed gate.
 82454 | Crypt:1  | Found a huge runed gate.
 82454 | Crypt:1  | Found a huge runed gate.
 82457 | Crypt:1  | Found a huge runed gate.
 82457 | Crypt:1  | Found a huge runed gate.
 82462 | Crypt:1  | Found a huge runed gate.
 82463 | Crypt:1  | Found a huge runed gate.
 82477 | Crypt:1  | Found a huge runed gate.
 82477 | Crypt:1  | Found a huge runed gate.
 82477 | Crypt:1  | Found a huge runed gate.
 82477 | Crypt:1  | Found a huge runed gate.
 82477 | Crypt:1  | Found a huge runed gate.
 82477 | Crypt:1  | Found a huge runed gate.
 82545 | Crypt:1  | Found a huge runed gate.
 82545 | Crypt:1  | Found a huge runed gate.
 82545 | Crypt:1  | Found a huge runed gate.
 82545 | Crypt:1  | Found a huge runed gate.
 82545 | Crypt:1  | Found a huge runed gate.
 82548 | Crypt:1  | Found a huge runed gate.
 82548 | Crypt:1  | Found a huge runed gate.
 82548 | Crypt:1  | Found a huge runed gate.
 82548 | Crypt:1  | Found a huge runed gate.
 82656 | Crypt:1  | Found a huge runed gate.
 82656 | Crypt:1  | Found a huge runed gate.
 82656 | Crypt:1  | Found a huge runed gate.
 82659 | Crypt:1  | Found a huge runed gate.
 82667 | Crypt:1  | Found a huge runed gate.
 82668 | Crypt:1  | Found a huge runed gate.
 83199 | Crypt:2  | Noticed Xtahua
 83215 | Crypt:2  | Killed Xtahua
 83526 | Crypt:2  | Reached skill level 10 in Evocations
 83566 | Crypt:2  | Reached XP level 25. HP: 87/225 MP: 15/37
 84536 | Crypt:2  | Noticed Margery
 84864 | Crypt:2  | Killed Margery
 85227 | Crypt:3  | Entered Level 3 of the Crypt
 85580 | Crypt:3  | Found an ancient bone altar of Kikubaaqudgha.
 85910 | Crypt:3  | Identified the Volume of Darkness
 86921 | Crypt:3  | Found a staircase to the Tomb.
 88180 | Vaults:5 | Entered Level 5 of the Vaults
 88396 | Vaults:5 | Reached skill level 15 in Evocations
 88473 | Vaults:5 | Identified the cursed +1 robe of Cazxi {+Blink}
 89038 | Vaults:5 | Learned a level 4 spell: Summon Lightning Spire
 89148 | Vaults:5 | Reached XP level 26. HP: 207/234 MP: 24/37
 89325 | Vaults:5 | Identified the cursed +1 arbalest "Orayd" {penet, *Drain
                  | rElec Str+4 Int+6}
 89356 | Vaults:5 | Noticed an ancient lich
 89378 | Vaults:5 | Killed an ancient lich
 90121 | Vaults:5 | Learned a level 6 spell: Death Channel
 91183 | Vaults:5 | Identified the +0 hand crossbow of War {flame, rElec}
 91487 | Vaults:5 | Reached skill level 10 in Necromancy
 91681 | Vaults:5 | Found Girineleq's Antique Armour Shop.
 91690 | Vaults:5 | Bought a pair of warped boots for 161 gold pieces
 91690 | Vaults:5 | Identified the +1 pair of boots of Henotheism {Rampage rN+
                  | Slay-4} (You bought it in a shop on level 5 of the Vaults)
 92436 | Vaults:5 | Identified the ring of Kaecebb {rPois rC+ Slay+3}
 92436 | Vaults:5 | Identified the +12 scimitar "Pudecro" {chaos, +Fly}
 92586 | Vaults:5 | Identified the +5 plate armour of Uskayaw's Anger {Will+
                  | rCorr Dex+4} (You found it on level 5 of the Vaults)
 92588 | Vaults:5 | Got a silver rune of Zot
 93022 | Orc:1    | Bought a potion of heal wounds for 85 gold pieces
 93022 | Orc:1    | Bought a potion of curing for 51 gold pieces
 93022 | Orc:1    | Bought a potion of curing for 51 gold pieces
 93022 | Orc:1    | Bought a potion of curing for 51 gold pieces
 93022 | Orc:1    | Bought a potion of resistance for 170 gold pieces
 93022 | Orc:1    | Bought a potion of magic for 136 gold pieces
 93022 | Orc:1    | Bought a potion of brilliance for 68 gold pieces
 93024 | Orc:1    | Bought a potion of attraction for 51 gold pieces
 93024 | Orc:1    | Bought a potion of berserk rage for 85 gold pieces
 93068 | Orc:2    | Bought a potion of resistance for 170 gold pieces
 93068 | Orc:2    | Bought a potion of resistance for 170 gold pieces
 93068 | Orc:2    | Bought a potion of magic for 136 gold pieces
 93068 | Orc:2    | Bought a potion of mutation for 136 gold pieces
 93675 | Hell     | Entered the Vestibule of Hell
 93675 | Hell     | Noticed Geryon
 93688 | Hell     | Killed Geryon
 95245 | Hell     | Found a gateway to the ashen valley of Gehenna.
 95296 | Hell     | Learned a level 2 spell: Wereblood
 95300 | Hell     | Learned a level 3 spell: Portal Projectile
 95349 | Hell     | Found a gateway to the freezing wastes of Cocytus.
 95461 | Hell     | Found a gateway to the Iron City of Dis.
 95670 | Hell     | Found a gateway to the decaying netherworld of Tartarus.
 95879 | Depths:4 | Voluntarily entered the Abyss.
 96132 | Abyss:1  | Found a corrupted altar of Lugonu.
 96326 | Abyss:2  | Found a blossoming altar of Fedhas.
 96396 | Abyss:2  | Found a blossoming altar of Fedhas.
 96427 | Abyss:2  | Reached skill level 19 in Fighting
 96545 | Abyss:2  | Reached XP level 27. HP: 184/244 MP: 35/37
 96899 | Abyss:3  | Reached skill level 20 in Fighting
 96940 | Abyss:3  | Gained mutation: Your body sometimes deteriorates upon
                  | taking damage. [a neqoxec]
 96949 | Depths:4 | Escaped the Abyss
 97316 | Depths:4 | Voluntarily entered the Abyss.
 97319 | Abyss:1  | Found a bloodstained altar of Trog.
 97488 | Abyss:1  | Found a shimmering altar of Xom.
 97489 | Abyss:1  | Found a shimmering altar of Xom.
 97516 | Abyss:2  | Found a corrupted altar of Lugonu.
 98438 | Abyss:3  | Reached skill level 21 in Fighting
 98507 | Abyss:3  | Paralysed by accursed screaming for 1 turns
 98861 | Abyss:3  | Gained mutation: You are occasionally teleported next to
                  | monsters. [a cacodemon]
 98870 | Depths:4 | Escaped the Abyss
100338 | Depths:2 | Killed HilariousDeathArtist's ghost
100677 | Lair:5   | Killed mammut's ghost
100738 | Slime:1  | Entered Level 1 of the Pits of Slime
100769 | Slime:1  | Reached skill level 22 in Fighting
101467 | Slime:2  | Gained mutation: Your magical capacity is low. (-10% MP) [a
                  | shining eye]
102004 | Slime:2  | Learned a level 3 spell: Mephitic Cloud
102018 | Slime:1  | Reached skill level 1 in Conjurations
102547 | Slime:3  | Gained mutation: Your magical capacity is very low. (-20%
                  | MP) [a shining eye]
103194 | Slime:5  | Entered Level 5 of the Pits of Slime
103231 | Slime:5  | Reached skill level 5 in Conjurations
103969 | Slime:5  | Noticed the Royal Jelly
104000 | Slime:5  | Identified the ring of Ocerenn {+Inv rElec rF+ rN+ Int-5
                  | Dex+6}
104002 | Slime:5  | Found a viscous altar of Jiyva.
104115 | Slime:5  | Identified the ring "Sexeekh" {rN++ MP+9 Dex+2}
104232 | Slime:5  | Killed the Royal Jelly
104239 | Slime:5  | Gained mutation: You are clumsy. (Dex -2) [a shining eye]
104241 | Slime:5  | Gained mutation: Your body often deteriorates upon taking
                  | damage. [a shining eye]
104244 | Slime:5  | Gained mutation: You are dopey. (Int -2) [a shining eye]
104245 | Slime:5  | Lost mutation: Your magical capacity is very low. (-20% MP)
                  | [a shining eye]
104870 | Slime:5  | Identified the Tome of Creative Bewitchment
104919 | Slime:5  | Identified the Catalogue of Icy Intoxication
105000 | Slime:5  | Got a slimy rune of Zot
105605 | Depths:4 | Bought a wand of digging (5) for 198 gold pieces
105605 | Depths:4 | Bought a wand of digging (7) for 242 gold pieces
105691 | Zig:1    | Entered Level 1 of a ziggurat
105703 | Zig:2    | Entered Level 2 of a ziggurat
105710 | Zig:2    | Reached skill level 1 in Poison Magic
105719 | Zig:3    | Entered Level 3 of a ziggurat
105751 | Zig:4    | Entered Level 4 of a ziggurat
105751 | Zig:4    | Found the +7 Kryia's mail coat {PotionHeal*2 rC+}
105773 | Zig:5    | Entered Level 5 of a ziggurat
105868 | Zig:5    | Identified the +8 broad axe "Vocin" {freeze, rElec rN++
                  | Str+3} (You found it on level 5 of a ziggurat)
106132 | Zig:6    | Entered Level 6 of a ziggurat
106318 | Zig:7    | Entered Level 7 of a ziggurat
106339 | Zig:7    | Reached skill level 5 in Poison Magic
106365 | Zig:8    | Entered Level 8 of a ziggurat
106371 | Zig:8    | Noticed a juggernaut
106373 | Zig:8    | Noticed a juggernaut
106379 | Zig:8    | Killed a juggernaut
106418 | Zig:8    | Killed a juggernaut
106433 | Zig:8    | Identified the Disquisition on Shape Shifting and Air
106441 | Zig:8    | Learned a level 2 spell: Corpse Rot
106452 | Zig:9    | Entered Level 9 of a ziggurat
106580 | Zig:9    | Noticed Wovuxt the pandemonium lord
107122 | Depths:4 | Lost mutation: You are dopey. (Int -2) [potion of mutation]
107122 | Depths:4 | Lost mutation: Your body often deteriorates upon taking
                  | damage. [potion of mutation]
107122 | Depths:4 | Lost mutation: Your magical capacity is low. (-10% MP)
                  | [potion of mutation]
107122 | Depths:4 | Gained mutation: You possess an exceptional clarity of
                  | mind. [potion of mutation]
107123 | Depths:4 | Lost mutation: You are clumsy. (Dex -2) [potion of
                  | mutation]
107123 | Depths:4 | Lost mutation: You possess an exceptional clarity of mind.
                  | [potion of mutation]
107123 | Depths:4 | Gained mutation: You can translocate small distances at
                  | will. [potion of mutation]
107123 | Depths:4 | Gained mutation: You tend to lose your temper in combat.
                  | [potion of mutation]
107123 | Depths:4 | Gained mutation: You are partially covered in slimy green
                  | scales. (AC +2) [potion of mutation]
107124 | Depths:4 | Lost mutation: Your spells are a little harder to cast, but
                  | a little more powerful. [potion of mutation]
107124 | Depths:4 | Lost mutation: You tend to lose your temper in combat.
                  | [potion of mutation]
107124 | Depths:4 | Gained mutation: You are partially covered in thin metallic
                  | scales. (AC +2) [potion of mutation]
107124 | Depths:4 | Gained mutation: You have a beak for a mouth. [potion of
                  | mutation]
107125 | Depths:4 | Lost mutation: Your body sometimes deteriorates upon taking
                  | damage. [potion of mutation]
107125 | Depths:4 | Lost mutation: You are occasionally teleported next to
                  | monsters. [potion of mutation]
107125 | Depths:4 | Lost mutation: You can translocate small distances at will.
                  | [potion of mutation]
107125 | Depths:4 | Gained mutation: Scrolls take you a little longer to read.
                  | [potion of mutation]
107125 | Depths:4 | Gained mutation: You are robust. (+10% HP) [potion of
                  | mutation]
107314 | Depths:4 | Learned a level 5 spell: Borgnjor's Vile Clutch
107317 | Depths:4 | Learned a level 2 spell: Poisonous Vapours
107321 | Depths:4 | Learned a level 3 spell: Dazzling Flash
107411 | Zot:1    | Entered Level 1 of the Realm of Zot
107443 | Zot:1    | Noticed an orb of fire
107473 | Zot:1    | Reached skill level 1 in Hexes
107488 | Zot:1    | Killed an orb of fire
107876 | Zot:1    | Reached skill level 5 in Hexes
111356 | Zot:3    | Reached skill level 23 in Fighting
113809 | Zot:5    | Entered Level 5 of the Realm of Zot
114862 | Zot:5    | Reached skill level 24 in Fighting
114868 | Zot:5    | Noticed an ancient lich
114885 | Zot:5    | Killed an ancient lich
115305 | Zot:5    | Noticed an ancient lich
115309 | Zot:5    | Killed an ancient lich
115685 | Zot:5    | Identified the +7 scale mail "Baphie" {rF+ rN+ Slay-4} (You
                  | found it on level 2 of the Elven Halls)
115685 | Zot:5    | Identified the +5 robe of the Original Sin {Dex+5}
115685 | Zot:5    | Identified the +1 robe of Marbles {Str+6 Int-5} (You found
                  | it on level 5 of the Vaults)
115685 | Zot:5    | Identified the +1 chain mail of Hysteria {Str+4} (You found
                  | it on level 5 of the Vaults)
115740 | Zot:5    | Noticed an ancient lich
115743 | Zot:5    | Noticed an orb of fire
115768 | Zot:5    | Gained mutation: Scrolls take you longer to read. [an orb
                  | of fire]
115772 | Zot:5    | Killed an orb of fire
115786 | Zot:5    | Noticed an ancient lich
115795 | Zot:5    | HP: 13/288 [Orb Guardian (43)]
115795 | Zot:5    | HP: 6/288 [storm dragon (7)]
115796 | Zot:5    | Mangled by an Orb Guardian

Illustrated notes

Levels and vault maps discovered:
D:1:      wheals_arrival_linesprint, layout_basic, minmay_box_of_dots
D:2:      layout_basic, uniq_crazy_yiuf_cottage
D:3:      layout_rooms, serial_corexii_hall, corexii_hall_statues_i,
          corexii_hall_statues_s, chequers_hall_statues_wall_a,
          corexii_hall_statues_l, cheibrodos_ashenzari_chains
D:4:      layout_loops_corners, ebering_ghost_rock_garden, uniq_pikel,
          uniq_eustachio, uniq_duvessa
D:5:      kennysheep_big_flooded_room, layout_basic, portal_sewer_entry_d,
          uniq_edmund
D:6:      layout_basic, minmay_temple_entry_proselytizer,
          gammafunk_ghost_necromancy, kennysheep_diamond, elyvilon_altar_4
D:7:      layout_cave_pools
D:8:      layout_cave_pools, kennysheep_mini
D:9:      layout_loops_cross, trog_three_pillars_becter
D:10:     layout_irregular_city, nicolae_trove_entry_diagonal,
          kennysheep_generic_room_12
D:11:     layout_rooms, erik_lair_island, erik_orc_1
D:12:     layout_long_grid, uniq_josephine, uniq_kirke
D:13:     layout_cave_pools, minivault_10, hangedman_decor_diamond_cutter
D:14:     minmay_the_grid_octo_tiled_octocenter [minmay_the_grid_octo_empty,
          minmay_the_grid_octo_teeth, minmay_the_grid_octo_thin_diamonds,
          minmay_the_grid_octo_fat_diamond,
          minmay_the_grid_octo_prize_single_spiral,
          minmay_the_grid_square_5x5_misaligned,
          minmay_the_grid_square_5x5_shrine1, minmay_the_grid_square_5x5_forky,
          minmay_the_grid_square_5x5_tri_point], layout_loops_cross,
          david_vaults_2, infiniplex_staircase_river, blue_anna_alchemist
          [blue_anna_fruit_fields, blue_anna_fruit_fields]
D:15:     grunt_enter_depths_giant_problem, layout_stronghold,
          palyth_stone_intersect, minmay_misc_feat_five
Temple:   regret_index_temple_sigil_plot
Lair:1:   layout_long_grid, gammafunk_ghost_hive, minmay_holes,
          serial_bayou_pond_d, st_stairs_13, grunt_forest_large_clearings,
          lemuel_fruit_tree, uniq_harold
Lair:2:   layout_roguey, minmay_snake_entry_six_corridors
Lair:3:   dpeg_oklob_shooting_range, layout_concentric_octagons,
          skrybe_swamp_entry_bodies, nicolae_volcano_entry_batcave,
          portal_ice_cave_entry_pillars_1, serial_bayou_shore_b,
          infiniplex_staircase_pool
Lair:4:   layout_gridlike
Lair:5:   layout_regular_city, minmay_slime_entry_oklob_open,
          ebering_ghost_rock_garden, grunt_forest_stairs_basic
Lair:6:   grunt_lair_end_beastmaster, layout_regular_city, basic_altar,
          serial_bayou_shore_a, grunt_megastairs_1, infiniplex_staircase_pool_2
Swamp:1:  layout_basic_swamp, nicolae_swamp_trees_clearing
Swamp:2:  layout_basic_swamp, hangedman_swamp_diagram,
          nicolae_swamp_dense_foliage, uniq_nikola, uniq_aizul
Swamp:3:  layout_falls_marsh, evilmike_swamp_ruin_rubble_1, swamp_pool2,
          worms_lemuel
Swamp:4:  swamp_old_school, layout_basic_swamp, swamp_pool2
Snake:1:  layout_misc_corridors, serial_bayou_shore_b, minmay_shop_star,
          serial_bayou_shore_b
Snake:2:  layout_onion, serial_bayou_pond_e, grunt_ministairs_1
Snake:3:  layout_onion_interference
Snake:4:  snake_pit, layout_cave_pods, serial_shops, shop,
          nrook_guardian_serpent_double, uniq_mara, uniq_vashnia
Slime:1:  layout_caves
Slime:2:  layout_caves, nicolae_slime_phagocytosis
Slime:3:  layout_caves, nicolae_slime_round_cave
Slime:4:  layout_caves
Slime:5
Orc:1:    layout_caves, serial_shops, shop
Orc:2:    pf_orc_diabolical, layout_caves, basic_altar,
          ebering_ghost_reflecting_pool, trog_book
Elf:1:    layout_geoelf_diagonals, hangedman_elf_disciples, uniq_roxanne
Elf:2:    layout_loops_cross, mu_enter_wizlab_1, not_door_vault_due,
          uniq_donald, uniq_louise
Elf:3:    grunt_elf_hall_branching, layout_loops_corners, basic_altar,
          serial_glass, glass_columns_a, glass_columns_b, minivault_28
Vaults:1: vaults_room_boxed, ontoclasm_vaults_claustrophobia,
          grunt_vaults_diagonal, nicolae_vaults_what_the_h,
          grunt_vaults_hallway_short, st_lattice, nicolae_vaults_little_ls,
          vaults_room_stairs_pillars, nicolae_vaults_shelves_hall,
          layout_vaults_chaotic_city, serial_glass, serial_shops,
          nicolae_shop_trees, shop
Vaults:2: nicolae_vaults_angled_halls, vaults_mumra_chevron, v_pattern_5,
          ontoclasm_vaults_pinch, nicolae_vaults_little_squares_3,
          vaults_room_corners, layout_vaults_omnigrid
Vaults:3: vaults_room_door_ring, hangedman_vaults_corner,
          nicolae_vaults_lopsided_apartments, v_rooms_6, v_misc_3,
          vaults_room_octagon, serial_ice_b, v_misc_28, v_misc_2, serial_ice_g,
          v_pattern_2, minmay_crypt_entry_simple_corners,
          ontoclasm_vaults_hangar, layout_vaults_omnibox
Vaults:4: grunt_vaults_bifocal, hangedman_vaults_slice,
          nicolae_vaults_rhombus_5, vaults_room_door_hall,
          nicolae_vaults_quartermaster, ontoclasm_vaults_spin, vaults_mumra_hex,
          ontoclasm_vaults_idyll, dpeg_vaults_monster_row,
          nicolae_vaults_big_ls, v_misc_17, layout_vaults_omnicross
Vaults:5: serial_shops
Crypt:1:  layout_gridlike, door_vault, roderic_lattice_octagonal_star
Crypt:2:  layout_gridlike, uniq_margery, uniq_xtahua
Crypt:3:  grunt_crypt_end_deaths_head
Depths:1: layout_cave_pools, hangedman_coc_ice_floe, kennysheep_boxes,
          serial_shops, shop, pandoras_box_mu, grunt_megastairs_2,
          serial_bayou_shore_b, firewood_loft, minmay_shop_grove, uniq_sojobo
Depths:2: minmay_skeletal_surprise, layout_long_grid, rand_demon_pan_entry_9,
          ebering_ghost_inner_flame, hangedman_abyss_entry_splay, hell_entry,
          infiniplex_staircase_pool_lava, uniq_saint_roka
Depths:3: cheibrodos_cascadia, layout_cave_shapes, grunt_pan_entry_zigzag,
          hell_entry, ebering_ghost_rock_garden, kennysheep_random_hallway,
          infiniplex_staircase_pillars_2
Depths:4: minmay_curly_fans, layout_twisted_cross,
          nicolae_abyss_entry_one_way_or_another, hangedman_geh_valley,
          minmay_hedge_maze, grunt_ministairs_13, guppyfry_shop_earth
Depths:5: evilmike_zot_entry_round, layout_small_grid, enter_ziggurat_e,
          hell_entry, corexii_leaking_fountain, serial_shops, shop,
          rand_demon_pan_entry_7, grunt_decor_mini_mirrors, drop_trap,
          door_vault, serial_bayou_shore_b, serial_bayou_shore_b, uniq_mennas
Hell
Zot:1:    layout_misc_corridors
Zot:2:    layout_onion_interference
Zot:3:    layout_onion_interference, grunt_megastairs_3
Zot:4:    infiniplex_zot_generator, layout_twisted_circle
Zot:5:    layout_gridlike

Skill      XL: |  1  2  3  4  5  6  7  8  9 10 11 12 13 14 15 16 17 18 19 20 21 22 23 24 25 26 27 |
---------------+----------------------------------------------------------------------------------+-----
Axes           | 3 4 5 6 7 10 11 14 15 16 | 16.3
Fighting       | 7 8 13 14 15 18 19 24 | 24.3
Shields        | 7 8 10 11 12 17 18 | 18.2
Armour         | 9 10 14 16 20 | 20.5
Evocations     | 3 6 7 10 16 | 16.6
Maces & Flails | 5 9 11 13 | 13.0
Throwing       | 10 | 10.4
Stealth        | 7 3 0 |  0.0
Summonings     | 5 |  5.7
Translocations | 6 |  6.0
Spellcasting   | 9 11 | 11.8
Necromancy     | 6 8 12 | 12.7
Dodging        | 13 15 | 15.6
Air Magic      | 5 8 |  8.3
Earth Magic    | 9 11 | 11.0
Transmutations | 6 |  6.6
Conjurations   | 7 |  7.7
Poison Magic   | 6 |  6.4
Hexes          | 9 |  9.4

Action                   |  1- 3 |  4- 6 |  7- 9 | 10-12 | 13-15 | 16-18 | 19-21 | 22-24 | 25-27 || total
-------------------------+-------+-------+-------+-------+-------+-------+-------+-------+-------++-------
Melee: War axe           |    56 |    61 |   307 |   567 |   666 |       |       |       |       ||  1657
       Headbutt          |     5 |    11 |    59 |   103 |   286 |   340 |   415 |   640 |   926 ||  2785
       Whip              |       |       |    87 |     3 |       |       |       |       |       ||    90
       Flail             |       |       |       |    20 |   116 |       |       |       |       ||   136
       Eveningstar       |       |       |       |       |   213 |   734 |  1329 |  1359 |   476 ||  4111
       Demon whip        |       |       |       |       |    18 |   250 |    33 |       |       ||   301
       Broad axe         |       |       |       |       |       |       |       |   505 |  2217 ||  2722
       Peck              |       |       |       |       |       |       |       |       |   186 ||   186
       Staff             |       |       |       |       |       |       |       |       |     4 ||     4
Throw: Dart              |    29 |       |       |    88 |    95 |       |       |       |       ||   212
       Stone             |     2 |     7 |   105 |    39 |     3 |       |       |       |       ||   156
       Boomerang         |       |       |       |    45 |   275 |   356 |   265 |    13 |       ||   954
       Javelin           |       |       |       |       |       |    22 |    57 |    64 |   143 ||   286
 Cast: Blink             |       |       |       |       |       |       |    13 |    29 |    69 ||   111
       Animate Dead      |       |       |       |       |       |       |     4 |    31 |    59 ||    94
       Call Imp          |       |       |       |       |       |       |     1 |     1 |     2 ||     4
       Summon Lightning  |       |       |       |       |       |       |       |       |    72 ||    72
       Swiftness         |       |       |       |       |       |       |       |       |     4 ||     4
       Wereblood         |       |       |       |       |       |       |       |       |    13 ||    13
       Mephitic Cloud    |       |       |       |       |       |       |       |       |    13 ||    13
       Poisonous Vapours |       |       |       |       |       |       |       |       |     7 ||     7
       Passwall          |       |       |       |       |       |       |       |       |     6 ||     6
       Borgnjor's Vile C |       |       |       |       |       |       |       |       |     2 ||     2
       Apportation       |       |       |       |       |       |       |       |       |     1 ||     1
Invok: Curse Item        |       |     2 |     1 |       |     4 |     2 |     1 |       |     4 ||    14
       Transfer Knowledg |       |       |       |       |       |       |     2 |       |       ||     2
       Scrying           |       |       |       |       |       |       |       |     1 |     1 ||     2
 Abil: Evoke Invisibilit |       |       |       |       |       |     1 |     2 |     3 |     6 ||    12
Evoke: Wand              |       |       |       |    66 |   115 |    58 |    50 |   100 |   112 ||   501
       Phial of floods   |       |       |       |     2 |     4 |     6 |       |     5 |    14 ||    31
       Condenser vane    |       |       |       |     1 |     6 |     9 |     6 |     7 |    17 ||    46
       Lightning rod     |       |       |       |       |       |    25 |    24 |     8 |    34 ||    91
       Tin of tremorston |       |       |       |       |       |    12 |    16 |     8 |    31 ||    67
       Phantom mirror    |       |       |       |       |       |     3 |     1 |     4 |    10 ||    18
       Box of beasts     |       |       |       |       |       |       |       |     5 |    12 ||    17
       Horn of Geryon    |       |       |       |       |       |       |       |       |    14 ||    14
  Use: Potion            |       |     1 |     1 |     5 |    14 |    15 |     8 |     6 |    46 ||    96
       Scroll            |       |       |    18 |     9 |    10 |    12 |    16 |    14 |    55 ||   134
 Stab: Confused          |       |       |       |     5 |       |       |       |       |       ||     5
       Paralysed         |       |       |       |       |    19 |    10 |       |    13 |       ||    42
       Invisible         |       |       |       |       |       |     1 |     5 |     7 |    23 ||    36
       Distracted        |       |       |       |       |       |       |     1 |     4 |     8 ||    13
       Petrified         |       |       |       |       |       |       |       |     8 |       ||     8
       Fleeing           |       |       |       |       |       |       |       |       |     1 ||     1
Armor: Scale mail        |    23 |       |       |       |       |       |       |       |       ||    23
       Chain mail        |     9 |    27 |    72 |       |       |       |       |       |       ||   108
       Plate armour      |       |       |    52 |   214 |   359 |   408 |   392 |   254 |       ||  1679
       Skin              |       |       |       |    41 |    89 |       |       |       |       ||   130
       Gold dragon scale |       |       |       |       |       |       |       |   497 |  1337 ||  1834
Dodge: Dodged            |    25 |     8 |    49 |   108 |   159 |   176 |   245 |   644 |  1051 ||  2465
       Repelled          |       |       |       |       |     4 |    33 |     1 |       |       ||    38
Block: Kite shield       |    31 |    47 |   279 |   557 |   785 |   204 |   271 |  1730 |  2763 ||  6667
       Reflection        |       |       |    17 |    18 |    18 |    73 |   180 |   102 |    77 ||   485
       Tower shield      |       |       |       |       |       |   773 |  1175 |       |       ||  1948

Table legend: (Time is in decaauts)
 A = Elapsed time spent in this place.
 B = Non-inter-level travel time spent in this place.
 C = Inter-level travel time spent in this place.
 D = Time resting spent in this place.
 E = Time spent auto-exploring this place.
 F = Levels seen in this place.
 G = Mean time per level.
                   A        B        C        D        E       F      G
               +--------+--------+--------+--------+--------+-----+--------+
         Total | 114091 | 101692 |  12399 |  36231 |  42305 |  78 | 1462.7 |
       Dungeon |  22864 |  19211 |   3653 |   4824 |  10642 |  15 | 1524.3 |
        Temple |    288 |    256 |     32 |      0 |    256 |   1 |  288.0 |
          Lair |  11420 |   9450 |   1970 |   3003 |   4753 |   6 | 1903.3 |
         Swamp |   8485 |   7829 |    656 |   4464 |   2358 |   4 | 2121.2 |
     Snake Pit |   8101 |   7412 |    689 |   2798 |   2970 |   4 | 2025.2 |
    Slime Pits |   4376 |   4255 |    121 |   2520 |    777 |   5 |  875.2 |
  Orcish Mines |   3067 |   2504 |    563 |    692 |   1124 |   2 | 1533.5 |
   Elven Halls |   6262 |   5736 |    526 |   1974 |   2288 |   3 | 2087.3 |
        Vaults |  13263 |  11049 |   2214 |   2343 |   5820 |   5 | 2652.6 |
         Crypt |   6370 |   5881 |    489 |   2035 |   2429 |   3 | 2123.3 |
        Depths |  14516 |  13329 |   1187 |   6283 |   4011 |   5 | 2903.2 |
          Hell |    844 |    821 |     23 |     12 |    513 |   1 |  844.0 |
           Zot |   8318 |   8046 |    272 |   3236 |   2922 |   5 | 1663.6 |
         Abyss |   2533 |   2533 |      0 |    494 |    723 |   7 |  361.9 |
      Ziggurat |    860 |    860 |      0 |    574 |      0 |   9 |   95.6 |
         Sewer |    925 |    925 |      0 |    174 |    451 |   1 |  925.0 |
      Ice Cave |   1230 |   1230 |      0 |    743 |    206 |   1 | 1230.0 |
        Wizlab |    362 |    362 |      0 |     57 |     59 |   1 |  362.0 |
               +--------+--------+--------+--------+--------+-----+--------+

Top non-repeatable levels by time:
Vaults:5: 4565 daAuts
Depths:5: 3756 daAuts
Depths:1: 3174 daAuts
  Lair:1: 3052 daAuts
Depths:3: 2806 daAuts
 Crypt:3: 2772 daAuts
 Snake:4: 2769 daAuts
    D:11: 2616 daAuts
  Lair:6: 2556 daAuts
Depths:4: 2530 daAuts
    D:12: 2515 daAuts
    D:14: 2481 daAuts
Vaults:4: 2438 daAuts
 Swamp:1: 2433 daAuts
 Crypt:2: 2427 daAuts
